AoeStats
← [RZ] HardZeeiRa-BR

Arabian Desert

509096036Analyzed
1v1 RM · 7d ago on Sep 25, 2026· 54m 25s· 2 players
Game mode
Random Map
Map size
Tiny (2 player)
Population
200
Speed
Normal
Resources
Standard
Victory
Conquest
Starting age
Dark Age
Ending age
Imperial Age
RankedLock teamsTeams togetherTeam positionsShared explorationLock speedFull tech treeHidden civsTurbo modeCheats
Victory
Defeat
🇨🇴 Gurjaras · Colombia
1185
+16
🇧🇷 Varangians · Brazil
1185
-16
samuelgonzdiz1
6:59 Loom
10:35 Feudal Age
11:06 Double-Bit Axe
15:50 Fletching
24:47 Castle Age
24:46 Scale Barding Armor
24:33 Gold Mining
24:57 Bloodlines
28:03 Forging
27:43 Crossbowman
28:24 Bodkin Arrow
29:59 Crossbowman
33:44 Wheelbarrow
38:42 Chain Barding Armor
38:58 Iron Casting
44:25 Imperial Age
43:04 Horse Collar
43:37 Bow Saw
46:20 Gold Shaft Mining
46:39 Conscription
47:00 Heavy Camel Rider
50:39 Heavy Plow
[RZ] HardZeeiRa-BR
6:46 Loom
9:37 Feudal Age
10:44 Double-Bit Axe
15:55 Scale Barding Armor
17:29 Bloodlines
20:27 Wheelbarrow
24:16 Castle Age
22:19 Horse Collar
23:16 Forging
26:20 Chain Barding Armor
26:21 Bow Saw
26:50 Iron Casting
33:43 Husbandry
36:23 Fletching
36:17 Vendel Legacy
38:06 Gold Mining
38:43 Stone Mining
42:12 Bodkin Arrow
45:25 Stone Shaft Mining
49:54 Imperial Age
49:33 Herbal Medicine
52:04 Scale Mail Armor
Connection lost

Rejoining the realm…

Still unreachable

The connection could not be restored.

Session expired

The server has moved on; the page needs a fresh start.